 Dungeon Sprint DCSS version 0.30.1 (webtiles) character file.

Game seed: 10684684991090208994

508 boopmooplesden the Cruncher (level 6, -2/78 HPs)
             Began as a Demonspawn Gladiator on July 10, 2023.
             Was an Elder of Trog.
             Succumbed to a hornet's poison
             ... in the Dungeon (Sprint VII: "The Pits").
             The game lasted 00:01:35 (412 turns).

boopmooplesden the Cruncher (Demonspawn Gladiator)   Turns: 412, Time: 00:01:36

Health: -2/78      AC: 12    Str: 17    XL:     6   Next: 98%
Magic:  6/6        EV: 13    Int:  9    God:    Trog [****..]
Gold:   0          SH:  0    Dex: 14    Spells: 5/5 levels left

rFire   + . .        q - +1 quarterstaff (speed)
rCold   . . .        (shield currently unavailable)
rNeg    . . .        p - +3 ring mail {rF+}
rPois   .            c - +0 helmet
rElec   .            (no cloak)
rCorr   .            (no gloves)
SInv    .            (no boots)
Will    .....        (no amulet) Stlth
                     (no ring)
HPRegen 0.33/turn    (no ring)
MPRegen 0.10/turn

%: no teleportation
@: berserking, lethally poisoned (-2 -> -40), slowed
A: molten scales 1, demonic touch 1
a: Renounce Religion, Berserk, Trog's Hand, Brothers in Arms


You were in the Dungeon.
You worshipped Trog.
Trog was greatly pleased with you.
You visited 1 branch

Inventory:

Hand Weapons
 a - a +0 quarterstaff
 l - a +2 quarterstaff
 q - a +1 quarterstaff of speed (weapon)
Missiles
 d - 3 throwing nets (quivered)
 e - a javelin
Armour
 b - a +0 leather armour
 c - a +0 helmet (worn)
 p - a +3 ring mail of fire resistance (worn)
Scrolls
 k - a scroll of blinking
 n - 5 scrolls of amnesia
 o - a scroll of butterflies
Potions
 f - 6 potions of curing
 g - 6 potions of heal wounds
 h - a potion of haste
 i - 4 potions of magic
 j - 3 potions of berserk rage
 m - 2 potions of invisibility


   Skills:
 + Level 5.6 Fighting
 + Level 9.8 Staves
 + Level 2.2 Throwing
 + Level 5.6 Armour
 + Level 5.9 Dodging
 + Level 3.6 Stealth


You had 5 spell levels left.
You didn't know any spells.
Your spell library was empty.

Dungeon Overview and Level Annotations

Branches:
Dungeon (1/1)

Altars:
Cheibriados
Dithmenos
Fedhas
Gozag
Hepliaklqana
Makhleb
Nemelex Xobeh
Okawaru
Qazlal
Ru
Sif Muna
Trog
Vehumet
Wu Jian
Xom
Yredelemnul
Jiyva
Lugonu


Innate Abilities, Weirdness & Mutations

You are partially covered in molten scales. (AC +2)
Your touch may inflict minor irresistible damage on your foes.


Message History

You are more poisoned.
You feel as though you will be slow longer.
The hornet stings you.
You are more poisoned.
You feel as though you will be slow longer.
Unknown command.
You hit the hornet.
The hornet is lightly wounded.
You feel very sick.
The hornet stings you but does no damage.
You closely miss the hornet.
The hornet is lightly wounded.
You feel very sick. The hornet stings you.
* * * LOW HITPOINT WARNING * * *
You are lethally poisoned!
You feel as though you will be slow longer.
You sock the hornet!
The hornet is moderately wounded.
* * * LOW HITPOINT WARNING * * *
You feel very sick. The hornet stings you.
* * * LOW HITPOINT WARNING * * *
You are more poisoned.
You feel as though you will be slow longer.
You barely miss the hornet.
The hornet is moderately wounded.
* * * LOW HITPOINT WARNING * * *
You feel very sick.
You sock the hornet!
The hornet is severely wounded.
* * * LOW HITPOINT WARNING * * *
You feel very sick. The hornet stings you.
* * * LOW HITPOINT WARNING * * *
You are more poisoned.
You feel as though you will be slow longer.
You barely miss the hornet.
The hornet is severely wounded.
You die...

#)#....))[.##.......#
#)###########.......#
#.......# #########
#..#.#..# #.##.##.#
#.......#+#
#.##.##.#.+
#..#.#..#y#
#.......)@#
###########


You could see a hornet.

Vanquished Creatures
  2 ogres (D)
  A kobold brigand (D)
  4 wights (D)
  A jelly (D)
  A gnoll (D)
  2 white imps (D)
  An adder zombie (D)
  An orc (D)
  2 goblins (D)
  A hobgoblin (D)
  A quokka (D)
  3 kobolds (D)
20 creatures vanquished.

Notes
Turn   | Place    | Note
-------+----------+-------------------------------------------
     0 | D        | boopmooplesden the Demonspawn Gladiator began the quest for
                  | the Orb.
     0 | D        | Reached XP level 1. HP: 16/16 MP: 1/1
    51 | D        | Found a bloodstained altar of Trog.
    51 | D        | Found a shimmering blue altar of Sif Muna.
    51 | D        | Found a viscous altar of Jiyva.
    51 | D        | Found a hazy altar of Hepliaklqana.
    51 | D        | Found an opulent altar of Gozag.
    52 | D        | Found a basalt altar of Yredelemnul.
    52 | D        | Found a shimmering altar of Xom.
    52 | D        | Found an ornate altar of the Wu Jian Council.
    52 | D        | Found a sacrificial altar of Ru.
    52 | D        | Found a stormy altar of Qazlal.
    52 | D        | Found an iron altar of Okawaru.
    52 | D        | Found a sparkling altar of Nemelex Xobeh.
    52 | D        | Found a burning altar of Makhleb.
    52 | D        | Found a blossoming altar of Fedhas.
    52 | D        | Found a shadowy altar of Dithmenos.
    52 | D        | Found a snail-covered altar of Cheibriados.
    54 | D        | Found a corrupted altar of Lugonu.
    54 | D        | Found a radiant altar of Vehumet.
    55 | D        | Became a worshipper of Trog the Wrathful
    72 | D        | Reached skill level 3 in Staves
   220 | D        | Gained mutation: Your touch may inflict minor irresistible
                  | damage on your foes. [demonic ancestry]
   220 | D        | Reached XP level 2. HP: 21/23 MP: 2/2
   220 | D        | Reached * piety under Trog
   240 | D        | Reached ** piety under Trog
   241 | D        | Reached skill level 4 in Staves
   241 | D        | Reached skill level 1 in Armour
   241 | D        | Reached skill level 1 in Stealth
   241 | D        | Reached XP level 3. HP: 28/28 MP: 3/3
   309 | D        | Noticed a wight
   309 | D        | Noticed a wight
   310 | D        | Noticed a wight
   310 | D        | Noticed a wight
   310 | D        | Noticed an ogre
   311 | D        | Noticed a kobold brigand
   318 | D        | Killed a wight
   319 | D        | Reached skill level 5 in Staves
   319 | D        | Reached XP level 4. HP: 28/35 MP: 4/4
   323 | D        | Killed an ogre
   323 | D        | Reached *** piety under Trog
   324 | D        | Reached skill level 7 in Staves
   324 | D        | Reached skill level 5 in Dodging
   324 | D        | Gained mutation: You are partially covered in molten
                  | scales. (AC +2) [demonic ancestry]
   324 | D        | Reached XP level 5. HP: 35/42 MP: 5/5
   334 | D        | Reached skill level 8 in Staves
   334 | D        | Reached XP level 6. HP: 29/50 MP: 6/6
   345 | D        | Reached **** piety under Trog
   346 | D        | Reached skill level 5 in Fighting
   346 | D        | Reached skill level 5 in Armour
   349 | D        | Reached skill level 9 in Staves
   400 | D        | Noticed a hornet
   402 | D        | Paralysed by a hornet for 3 turns
   412 | D        | Succumbed to a hornet's poison

Illustrated notes

Levels and vault maps discovered:
D:        pitsprint [storerooms_1, entrance_room_1, metal_vault_1, armoury_2,
          mini_pit_1, grid_room_1, main_hall_1, silver_pit, the_coven_3,
          the_vestibule_1, steel_vault_5, golden_pit, hallway_of_sentries,
          crystal_vault_2, iron_vault_1, final_vault]

Skill      XL: |  1  2  3  4  5  6 |
---------------+-------------------+-----
Dodging        | 3 4 5 |  5.9
Staves         | 3 4 5 7 8 9 |  9.8
Throwing       | 2 |  2.2
Armour         | 1 2 3 4 5 |  5.6
Stealth        | 1 2 3 |  3.6
Fighting       | 3 4 5 |  5.6

Action                     |  1- 3 |  4- 6 || total
---------------------------+-------+-------++-------
  Melee: Quarterstaff      |    39 |    41 ||    80
 Invoke: Berserk           |     2 |     1 ||     3
         Trog's Hand       |       |     1 ||     1
   Stab: Sleeping          |     2 |       ||     2
 Armour: Leather armour    |     6 |       ||     6
         Ring mail         |       |     8 ||     8
  Dodge: Dodged            |    28 |    12 ||    40
